Capitals vs Sharks

Created - 15 janvier 2022 at 16:04

Goals
1 2 3 T
Capitals 2 1 0 3
Sharks 2 1 1 4
Shots
1 2 3 T
Capitals 8 10 8 26
Sharks 9 12 8 29

GoalsPenalties
1st period
1. Sharks , Vladimir Tarasenko 11 (Jack Eichel 31) at 1:21 (PP)
2. Capitals , Mikko Rantanen 16 (Sidney Crosby 26, Erik Karlsson 19) at 4:27 (PP)
3. Sharks , J.T. Compher 12 (Alex Pietrangelo 27, Nate Schmidt 14) at 9:52
4. Capitals , Alex Ovechkin 15 (Mikko Rantanen 29, Josh Manson 20) at 11:01 (PP)
Alex Ovechkin (WAS) for Holding (Minor) at 0:31
Cal Clutterbuck (SAN) for Tripping (Minor) at 3:59
Cal Clutterbuck (SAN) for Roughing (Minor) at 9:54
Marcus Foligno (SAN) for Holding (Minor) at 14:24
2nd period
5. Capitals , Cody Ceci 8 (Mikko Rantanen 30, Sidney Crosby 27) at 18:39
6. Sharks , Chandler Stephenson 13 (William Nylander 14) at 18:53
Cal Clutterbuck (SAN) for Roughing (Minor) at 3:21
Joel Edmundson (SAN) for Hooking (Minor) at 4:01
Garnet Hathaway (WAS) for Hooking (Minor) at 9:44
3rd period
7. Sharks , Cal Clutterbuck 4 (Tyler Pitlick 9, Nic Dowd 4) at 14:05
Jack Eichel (SAN) for Hooking (Minor) at 6:53
Nate Schmidt (SAN) for Holding (Minor) at 14:41
Goalie Stats
Jake Allen (WAS), 25 saves from 29 shots - (0,862), L, 7-6-0, 59:15 minutes
Mike Smith (SAN), 23 saves from 26 shots - (0,885), W, 24-12-1, 60:00 minutes
3 StarsOfficial
1 - Mikko Rantanen (WAS)
2 - Chandler Stephenson (SAN)
3 - Vladimir Tarasenko (SAN)
Referees : Tom Kowal and Dean Morton
Linesman : Mark Shewchyk and Tim Nowak
Game Note
No Game Note



Team Name Goals Shots Shots Attemp Shots Blocked PIM HIT PP PK FO%
Capitals 3265684232 / 7 (29%)148%
Sharks 429501214241 / 2 (50%)252%

Capitals
Player Name POS G A P +/- PIM HIT SHT SB MP PP MP PP SHT PK MP PK SHT FO% FOT
Adam LarssonD0000061214:141:2300:3100% 0
Alex OvechkinLW/RW1010216020:055:0420:00050% 2
Brad RichardsonC/LW/RW000000008:330:0000:5700% 0
Brayden PointC000-1000017:135:0700:00043% 23
Calle JarnkrokC/LW/RW000-1000014:080:0001:5200% 1
Cam AtkinsonLW/RW000-1013017:135:0700:000100% 1
Cody CeciD1011022022:154:2411:1700% 0
Daniel SprongLW/RW000000307:360:0000:0000% 0
Drew DoughtyD000-3050224:304:2401:3200% 0
Erik KarlssonD0111000222:546:0200:4600% 0
Garnet HathawayRW000-1220012:150:0000:000100% 1
Ivan BarbashevC/LW/RW000-1010114:080:0001:52033% 18
Jay BeagleC000000008:330:0000:57033% 6
Josh MansonD011-3020122:153:1701:3200% 0
Mikko RantanenRW1230007020:065:0430:0000% 1
Pavel BuchnevichLW/RW000-1032017:135:0700:0000% 1
Sidney CrosbyC0220002020:065:0400:00064% 28
Trevor van RiemsdykD0000000013:520:5200:0000% 0
Sharks
Player Name POS G A P +/- PIM HIT SHT SB MP PP MP PP SHT PK MP PK SHT FO% FOT
Alex PietrangeloD0110003625:571:3214:3900% 0
Blake ColemanC/LW/RW0000033015:561:1714:3300% 0
Cal ClutterbuckRW101160206:390:0000:0000% 0
Chandler StephensonC/LW1011043016:161:1700:00025% 4
Erik JohnsonD0000010221:001:1704:3900% 0
J.T. CompherC/LW/RW1010013021:321:1715:00163% 8
Jack EichelC0110201016:441:3200:00047% 17
Joel EdmundsonD0002230216:450:0004:3500% 0
Luke GlendeningC/RW0000006014:250:0004:19059% 17
Marcus FolignoLW/RW0000220010:030:0000:0000% 0
Nate SchmidtD0110221125:331:3214:1600% 0
Nic DowdC/RW0111001011:530:0005:11047% 19
Philippe MyersD0002000112:100:0000:0000% 0
Ryan StromeC/RW0001023014:590:0000:00064% 14
Tyler PitlickC/LW/RW011101106:420:0000:0000% 1
Vladimir TarasenkoRW1010041016:451:3210:0000% 0
Vladislav GavrikovD0000010018:331:1702:1200% 0
William NylanderC/LW/RW0111001016:311:3200:00050% 2

Capitals

5 vs 5 Forward
Line #Left WingCenterRight WingPHYDFOFWanted %Time %Time Play
1Alex OvechkinSidney CrosbyMikko Rantanen0323831%14:40
2Cam AtkinsonBrayden PointPavel Buchnevich0323326%12:06
3Calle JarnkrokIvan BarbashevGarnet Hathaway0231926%12:16
4Daniel SprongJay BeagleBrad Richardson0231016%7:36
5 vs 5 Defense
Line #DefenseDefensePHYDFOFWanted %Time %Time Play
1Josh MansonDrew Doughty0323537%17:26
2Erik KarlssonCody Ceci0323531%14:36
3Trevor van RiemsdykAdam Larsson0322028%13:00
4Drew DoughtyCody Ceci032103%1:36
Power Play Forward
Line #Left WingCenterRight WingPHYDFOFWanted %Time %Time Play
1Alex OvechkinSidney CrosbyMikko Rantanen0236050%5:04
2Cam AtkinsonBrayden PointPavel Buchnevich0234050%5:07
Power Play Defense
Line #DefenseDefensePHYDFOFWanted %Time %Time Play
1Erik KarlssonDrew Doughty0236048%4:55
2Josh MansonCody Ceci0234052%5:16
Penalty Kill 4 Players Forward
Line #CenterWingPHYDFOFWanted %Time %Time Play
1Ivan BarbashevCalle Jarnkrok0415066%1:52
2Jay BeagleBrad Richardson0415034%0:57
Penalty Kill 4 Players Defense
Line #DefenseDefensePHYDFOFWanted %Time %Time Play
1Cody CeciAdam Larsson0415046%1:17
2Josh MansonDrew Doughty0415054%1:32
Penalty Kill 3 Players
Line #WingPHYDFOFWanted %Time %Time PlayDefenseDefensePHYDFOFWanted %Time %Time Play
1Ivan Barbashev041500%0:00 Cody CeciAdam Larsson041500%0:00
2Jay Beagle041500%0:00 Josh MansonDrew Doughty041500%0:00
4 vs 4 Forward
Line #CenterWingPHYDFOFWanted %Time %Time Play
1Sidney CrosbyAlex Ovechkin023500%0:00
2Brayden PointMikko Rantanen023500%0:00
4 vs 4 Defense
Line #DefensePHYDFOFWanted %Time %Time Play
1Josh MansonDrew Doughty032500%0:00
2Erik KarlssonCody Ceci032500%0:00
Last Minutes Offensive
Left WingCenterRight WingDefenseDefense
Alex OvechkinSidney CrosbyMikko RantanenErik KarlssonDrew Doughty
Last Minutes Defensive
Left WingCenterRight WingDefenseDefense
Calle JarnkrokJay BeagleIvan BarbashevJosh MansonCody Ceci
Time
Total ForwardTotal DefenseLast Minutes OffensiveLast Minutes Defensive
60:00 60:00 0:220:00
Extra Forwards
Normal PowerPlayPenalty Kill
Mikko Rantanen, Pavel Buchnevich, Brayden PointPavel Buchnevich, Brayden PointGarnet Hathaway
Extra Defensemen
Normal PowerPlayPenalty Kill
Cody Ceci, Erik Karlsson, Drew DoughtyErik Karlsson, Cody CeciErik Karlsson
Penalty Shots
Mikko Rantanen, Sidney Crosby, Alex Ovechkin, Brayden Point, Pavel Buchnevich
Goalie
Jake Allen, Ilya Samsonov
Custom OT Lines Forwards
Mikko Rantanen, Sidney Crosby, Brayden Point, Alex Ovechkin, Cam Atkinson, Pavel Buchnevich, Ivan Barbashev, Garnet Hathaway, Calle Jarnkrok, Daniel Sprong
Custom OT Lines Defensemen
Josh Manson, Drew Doughty, Erik Karlsson, Cody Ceci, Adam Larsson
Scratches
Ben Harpur (Healthy)

Sharks

5 vs 5 Forward
Line #Left WingCenterRight WingPHYDFOFWanted %Time %Time Play
1J.T. CompherJack EichelVladimir Tarasenko1133432%15:13
2Chandler StephensonRyan StromeWilliam Nylander1223032%14:59
3Blake ColemanLuke GlendeningMarcus Foligno1222421%10:04
4Cal ClutterbuckNic DowdTyler Pitlick1311214%6:42
5 vs 5 Defense
Line #DefenseDefensePHYDFOFWanted %Time %Time Play
1Nate SchmidtAlex Pietrangelo1223435%16:27
2Erik JohnsonVladislav Gavrikov1223032%15:02
3Joel EdmundsonPhilippe Myers1312226%12:10
4Nate SchmidtAlex Pietrangelo122147%3:19
Power Play Forward
Line #Left WingCenterRight WingPHYDFOFWanted %Time %Time Play
1William NylanderJack EichelVladimir Tarasenko1136054%1:32
2Blake ColemanChandler StephensonJ.T. Compher1134046%1:17
Power Play Defense
Line #DefenseDefensePHYDFOFWanted %Time %Time Play
1Nate SchmidtAlex Pietrangelo1136054%1:32
2Vladislav GavrikovErik Johnson1134046%1:17
Penalty Kill 4 Players Forward
Line #CenterWingPHYDFOFWanted %Time %Time Play
1J.T. CompherBlake Coleman1315051%4:33
2Nic DowdLuke Glendening1315049%4:19
Penalty Kill 4 Players Defense
Line #DefenseDefensePHYDFOFWanted %Time %Time Play
1Erik JohnsonAlex Pietrangelo1315047%4:12
2Joel EdmundsonNate Schmidt1315053%4:40
Penalty Kill 3 Players
Line #WingPHYDFOFWanted %Time %Time PlayDefenseDefensePHYDFOFWanted %Time %Time Play
1J.T. Compher0505034%0:27 Erik JohnsonAlex Pietrangelo0505034%0:27
2Nic Dowd0505066%0:52 Joel EdmundsonNate Schmidt0505066%0:52
4 vs 4 Forward
Line #CenterWingPHYDFOFWanted %Time %Time Play
1Jack EichelWilliam Nylander122500%0:00
2Chandler StephensonVladimir Tarasenko122500%0:00
4 vs 4 Defense
Line #DefensePHYDFOFWanted %Time %Time Play
1Alex PietrangeloErik Johnson122500%0:00
2Nate SchmidtVladislav Gavrikov122500%0:00
Last Minutes Offensive
Left WingCenterRight WingDefenseDefense
William NylanderJack EichelVladimir TarasenkoNate SchmidtAlex Pietrangelo
Last Minutes Defensive
Left WingCenterRight WingDefenseDefense
J.T. CompherLuke GlendeningNic DowdErik JohnsonAlex Pietrangelo
Time
Total ForwardTotal DefenseLast Minutes OffensiveLast Minutes Defensive
60:00 60:00 0:000:02
Extra Forwards
Normal PowerPlayPenalty Kill
Blake Coleman, Cal Clutterbuck, J.T. CompherJ.T. Compher, Blake ColemanMarcus Foligno
Extra Defensemen
Normal PowerPlayPenalty Kill
Erik Johnson, Vladislav Gavrikov, Nate SchmidtErik Johnson, Vladislav GavrikovNate Schmidt
Penalty Shots
Jack Eichel, William Nylander, Vladimir Tarasenko, J.T. Compher, Cal Clutterbuck
Goalie
Mike Smith, Carter Hart
Custom OT Lines Forwards
Jack Eichel, William Nylander, Vladimir Tarasenko, Ryan Strome, J.T. Compher, Chandler Stephenson, Marcus Foligno, Cal Clutterbuck, Blake Coleman, Nic Dowd
Custom OT Lines Defensemen
Alex Pietrangelo, Joel Edmundson, Nate Schmidt, Vladislav Gavrikov, Erik Johnson
Scratches
Zane McIntyre (Healthy)


Play-by-Play

1st period


0:01 of 1st period - Sidney Crosby wins face-off versus Jack Eichel in neutral zone.
0:14 of 1st period - Shot by Mikko Rantanen.
0:14 of 1st period - Shot Blocked by Alex Pietrangelo.
0:31 of 1st period - Minor Penalty to Alex Ovechkin for Holding.
0:32 of 1st period - Ivan Barbashev wins face-off versus Chandler Stephenson in Capitals zone.
0:57 of 1st period - Off-side.
0:58 of 1st period - Jack Eichel wins face-off versus Ivan Barbashev in neutral zone.
1:21 of 1st period - Shot by Jack Eichel.
1:21 of 1st period - Deflect By Vladimir Tarasenko.
1:21 of 1st period - Goal by Vladimir Tarasenko - Capitals : 0 - Sharks : 1.
1:22 of 1st period - Brayden Point wins face-off versus Luke Glendening in neutral zone.
1:30 of 1st period - Brayden Point is hit by Marcus Foligno.
2:51 of 1st period - Shot by Chandler Stephenson.
2:51 of 1st period - Stopped by Jake Allen with a rebound.
3:03 of 1st period - Joel Edmundson is hit by Garnet Hathaway and loses puck.
3:42 of 1st period - Shot by Jack Eichel.
3:42 of 1st period - Stopped by Jake Allen without a rebound.
3:43 of 1st period - Nic Dowd wins face-off versus Jay Beagle in Capitals zone.
3:59 of 1st period - Minor Penalty to Cal Clutterbuck for Tripping.
4:00 of 1st period - J.T. Compher wins face-off versus Sidney Crosby in Sharks zone.
4:11 of 1st period - Shot by Drew Doughty.
4:11 of 1st period - Shot Blocked by Joel Edmundson.
4:27 of 1st period - Shot by Mikko Rantanen.
4:27 of 1st period - Goal by Mikko Rantanen - Capitals : 1 - Sharks : 1.
4:28 of 1st period - Ryan Strome wins face-off versus Pavel Buchnevich in neutral zone.
4:30 of 1st period - Off-side.
4:31 of 1st period - Jack Eichel wins face-off versus Brayden Point in neutral zone.
4:31 of 1st period - Jack Eichel is hit by Pavel Buchnevich.
4:53 of 1st period - Cody Ceci is hit by Vladimir Tarasenko and loses puck.
5:04 of 1st period - Shot by Pavel Buchnevich.
5:04 of 1st period - Shot Misses the Net.
5:10 of 1st period - Shot by Cam Atkinson.
5:10 of 1st period - Shot Misses the Net.
5:12 of 1st period - Shot by Pavel Buchnevich.
5:12 of 1st period - Shot Blocked by Alex Pietrangelo.
5:14 of 1st period - Shot by Pavel Buchnevich.
5:14 of 1st period - Stopped by Mike Smith without a rebound.
5:15 of 1st period - Sidney Crosby wins face-off versus William Nylander in Sharks zone.
5:18 of 1st period - Shot by Mikko Rantanen.
5:18 of 1st period - Shot Misses the Net.
5:26 of 1st period - Sidney Crosby is hit by Ryan Strome and loses puck.
5:39 of 1st period - Sidney Crosby is hit by Ryan Strome and loses puck.
5:55 of 1st period - Alex Ovechkin is hit by Erik Johnson and loses puck.
7:12 of 1st period - Philippe Myers is hit by Adam Larsson and loses puck.
7:37 of 1st period - Shot by Cam Atkinson.
7:37 of 1st period - Stopped by Mike Smith without a rebound.
7:38 of 1st period - Nic Dowd wins face-off versus Brayden Point in Sharks zone.
7:38 of 1st period - Nic Dowd is hit by Pavel Buchnevich.
7:54 of 1st period - Shot by Cam Atkinson.
7:54 of 1st period - Stopped by Mike Smith without a rebound.
7:55 of 1st period - Jack Eichel wins face-off versus Ivan Barbashev in Sharks zone.
7:59 of 1st period - Off-side.
8:00 of 1st period - Sidney Crosby wins face-off versus Jack Eichel in neutral zone.
8:11 of 1st period - Shot by Sidney Crosby.
8:11 of 1st period - Stopped by Mike Smith without a rebound.
8:12 of 1st period - Ryan Strome wins face-off versus Brayden Point in Sharks zone.
8:12 of 1st period - Ryan Strome is hit by Pavel Buchnevich.
8:24 of 1st period - Shot by Ryan Strome.
8:24 of 1st period - Stopped by Jake Allen without a rebound.
8:25 of 1st period - Alex Ovechkin wins face-off versus Jack Eichel in Capitals zone.
8:31 of 1st period - Icing by Drew Doughty.
8:32 of 1st period - Jack Eichel wins face-off versus Sidney Crosby in Capitals zone.
8:45 of 1st period - Shot by Alex Ovechkin.
8:45 of 1st period - Stopped by Mike Smith without a rebound.
8:46 of 1st period - Ivan Barbashev wins face-off versus Chandler Stephenson in Sharks zone.
9:13 of 1st period - Shot by Chandler Stephenson.
9:13 of 1st period - Deflect By William Nylander.
9:13 of 1st period - Stopped by Jake Allen with a rebound.
9:23 of 1st period - Shot by Chandler Stephenson.
9:23 of 1st period - Stopped by Jake Allen without a rebound.
9:24 of 1st period - Sidney Crosby wins face-off versus J.T. Compher in Capitals zone.
9:32 of 1st period - Jack Eichel is hit by Drew Doughty.
9:46 of 1st period - Shot by Jack Eichel.
9:46 of 1st period - Shot Blocked by Drew Doughty.
9:48 of 1st period - Shot by Nate Schmidt.
9:48 of 1st period - Shot Blocked by Drew Doughty.
9:50 of 1st period - Shot by Alex Pietrangelo.
9:50 of 1st period - Stopped by Jake Allen with a rebound.
9:52 of 1st period - Shot by J.T. Compher.
9:52 of 1st period - Goal by J.T. Compher - Capitals : 1 - Sharks : 2.
9:53 of 1st period - Brayden Point wins face-off versus Nic Dowd in neutral zone.
9:53 of 1st period - Trevor van Riemsdyk is hit by Tyler Pitlick.
9:54 of 1st period - Minor Penalty to Cal Clutterbuck for Roughing.
9:55 of 1st period - Nic Dowd wins face-off versus Brayden Point in Sharks zone.
10:32 of 1st period - Brayden Point is hit by Blake Coleman and loses puck.
10:55 of 1st period - Shot by Mikko Rantanen.
10:55 of 1st period - Stopped by Mike Smith without a rebound.
10:56 of 1st period - Sidney Crosby wins face-off versus Nic Dowd in Sharks zone.
10:57 of 1st period - Shot by Mikko Rantanen.
10:57 of 1st period - Shot Misses the Net.
10:59 of 1st period - Shot by Josh Manson.
10:59 of 1st period - Shot Blocked by Erik Johnson.
11:01 of 1st period - Shot by Mikko Rantanen.
11:01 of 1st period - Deflect By Alex Ovechkin.
11:01 of 1st period - Goal by Alex Ovechkin - Capitals : 2 - Sharks : 2.
11:02 of 1st period - Sidney Crosby wins face-off versus Nic Dowd in neutral zone.
12:11 of 1st period - Nate Schmidt is hit by Cam Atkinson and loses puck.
12:47 of 1st period - Erik Karlsson is hit by Vladimir Tarasenko and loses puck.
13:01 of 1st period - Icing by Nate Schmidt.
13:02 of 1st period - J.T. Compher wins face-off versus Ivan Barbashev in Sharks zone.
13:26 of 1st period - Icing by Josh Manson.
13:27 of 1st period - Ryan Strome wins face-off versus Ivan Barbashev in Capitals zone.
13:44 of 1st period - Calle Jarnkrok is hit by Chandler Stephenson and loses puck.
14:01 of 1st period - Shot by Ryan Strome.
14:01 of 1st period - Shot Blocked by Josh Manson.
14:04 of 1st period - Icing by Drew Doughty.
14:05 of 1st period - Luke Glendening wins face-off versus Ivan Barbashev in Capitals zone.
14:05 of 1st period - Blake Coleman is hit by Josh Manson and loses puck.
14:09 of 1st period - Icing by Josh Manson.
14:10 of 1st period - Luke Glendening wins face-off versus Ivan Barbashev in Capitals zone.
14:10 of 1st period - Blake Coleman is hit by Josh Manson and loses puck.
14:24 of 1st period - Minor Penalty to Marcus Foligno for Holding.
14:25 of 1st period - Nic Dowd wins face-off versus Sidney Crosby in Sharks zone.
17:06 of 1st period - Chandler Stephenson is hit by Adam Larsson and loses puck.
18:27 of 1st period - Luke Glendening is hit by Cody Ceci and loses puck.
18:38 of 1st period - Marcus Foligno is hit by Garnet Hathaway and loses puck.
19:19 of 1st period - Shot by Cal Clutterbuck.
19:19 of 1st period - Shot Blocked by Erik Karlsson.
19:21 of 1st period - Shot by Nate Schmidt.
19:21 of 1st period - Shot Misses the Net.
19:23 of 1st period - Shot by Tyler Pitlick.
19:23 of 1st period - Stopped by Jake Allen without a rebound.
19:24 of 1st period - Brayden Point wins face-off versus Ryan Strome in Capitals zone.
19:24 of 1st period - Brayden Point is hit by Chandler Stephenson.
19:51 of 1st period - Icing by Chandler Stephenson.
19:52 of 1st period - Jay Beagle wins face-off versus Ryan Strome in Sharks zone.
19:54 of 1st period - Daniel Sprong is hit by Joel Edmundson and loses puck.
Goals for this period are 2 for Capitals vs 2 for Sharks.
Shots for this period are 8 for Capitals vs 9 for Sharks.

2nd period


0:01 of 2nd period - Sidney Crosby wins face-off versus Jack Eichel in neutral zone.
0:21 of 2nd period - Shot by Mikko Rantanen.
0:21 of 2nd period - Shot Blocked by Alex Pietrangelo.
0:23 of 2nd period - Shot by Sidney Crosby.
0:23 of 2nd period - Shot Misses the Net.
0:29 of 2nd period - Shot by Mikko Rantanen.
0:29 of 2nd period - Stopped by Mike Smith with a rebound.
0:31 of 2nd period - Shot by Erik Karlsson.
0:31 of 2nd period - Shot Blocked by Nate Schmidt.
1:25 of 2nd period - Shot by Cam Atkinson.
1:25 of 2nd period - Deflect By Brayden Point.
1:25 of 2nd period - Shot Misses the Net.
1:27 of 2nd period - Shot by Cam Atkinson.
1:27 of 2nd period - Shot Misses the Net.
2:01 of 2nd period - Shot by Blake Coleman.
2:01 of 2nd period - Stopped by Jake Allen without a rebound.
2:02 of 2nd period - Ryan Strome wins face-off versus Ivan Barbashev in Capitals zone.
2:08 of 2nd period - Erik Karlsson is hit by Chandler Stephenson.
2:47 of 2nd period - Off-side.
2:48 of 2nd period - Sidney Crosby wins face-off versus Luke Glendening in neutral zone.
3:04 of 2nd period - Shot by Blake Coleman.
3:04 of 2nd period - Stopped by Jake Allen without a rebound.
3:05 of 2nd period - Brayden Point wins face-off versus Nic Dowd in Capitals zone.
3:12 of 2nd period - Icing by Erik Johnson.
3:13 of 2nd period - Sidney Crosby wins face-off versus Nic Dowd in Sharks zone.
3:21 of 2nd period - Minor Penalty to Cal Clutterbuck for Roughing.
3:22 of 2nd period - Sidney Crosby wins face-off versus Nic Dowd in Sharks zone.
3:43 of 2nd period - Shot by Mikko Rantanen.
3:43 of 2nd period - Stopped by Mike Smith without a rebound.
3:44 of 2nd period - Brayden Point wins face-off versus Nic Dowd in Sharks zone.
3:46 of 2nd period - Pavel Buchnevich is hit by Joel Edmundson and loses puck.
4:01 of 2nd period - Minor Penalty to Joel Edmundson for Hooking.
4:02 of 2nd period - Sidney Crosby wins face-off versus J.T. Compher in Sharks zone.
4:03 of 2nd period - Shot by Erik Karlsson.
4:03 of 2nd period - Shot Hit the Post.
4:39 of 2nd period - J.T. Compher is hit by Alex Ovechkin.
5:40 of 2nd period - Icing by Brayden Point.
5:41 of 2nd period - Brayden Point wins face-off versus J.T. Compher in Capitals zone.
6:18 of 2nd period - Shot by Ryan Strome.
6:18 of 2nd period - Deflect By Chandler Stephenson.
6:18 of 2nd period - Shot Misses the Net.
6:32 of 2nd period - Shot by Chandler Stephenson.
6:32 of 2nd period - Shot Blocked by Adam Larsson.
6:39 of 2nd period - Chandler Stephenson is hit by Adam Larsson and loses puck.
7:14 of 2nd period - Brad Richardson is hit by Blake Coleman and loses puck.
7:57 of 2nd period - Jay Beagle is hit by Vladimir Tarasenko and loses puck.
8:16 of 2nd period - Shot by Jack Eichel.
8:16 of 2nd period - Shot Misses the Net.
9:07 of 2nd period - Shot by Sidney Crosby.
9:07 of 2nd period - Shot Misses the Net.
9:09 of 2nd period - Shot by Alex Ovechkin.
9:09 of 2nd period - Stopped by Mike Smith with a rebound.
9:11 of 2nd period - Shot by Alex Ovechkin.
9:11 of 2nd period - Shot Blocked by Philippe Myers.
9:13 of 2nd period - Shot by Alex Ovechkin.
9:13 of 2nd period - Stopped by Mike Smith without a rebound.
9:14 of 2nd period - Brayden Point wins face-off versus Luke Glendening in Sharks zone.
9:18 of 2nd period - Cam Atkinson is hit by Nate Schmidt and loses puck.
9:30 of 2nd period - Off-side.
9:31 of 2nd period - Ryan Strome wins face-off versus Ivan Barbashev in neutral zone.
9:44 of 2nd period - Minor Penalty to Garnet Hathaway for Hooking.
9:45 of 2nd period - Ivan Barbashev wins face-off versus Jack Eichel in Capitals zone.
9:54 of 2nd period - Shot by Alex Pietrangelo.
9:54 of 2nd period - Stopped by Jake Allen with a rebound.
10:05 of 2nd period - Off-side.
10:06 of 2nd period - Chandler Stephenson wins face-off versus Ivan Barbashev in neutral zone.
10:25 of 2nd period - Shot by Blake Coleman.
10:25 of 2nd period - Stopped by Jake Allen without a rebound.
10:26 of 2nd period - Ivan Barbashev wins face-off versus Jack Eichel in Capitals zone.
11:11 of 2nd period - Shot by Nate Schmidt.
11:11 of 2nd period - Stopped by Jake Allen without a rebound.
11:12 of 2nd period - Jay Beagle wins face-off versus Chandler Stephenson in Capitals zone.
11:12 of 2nd period - Jay Beagle is hit by Blake Coleman.
11:42 of 2nd period - Shot by J.T. Compher.
11:42 of 2nd period - Stopped by Jake Allen without a rebound.
11:43 of 2nd period - Jack Eichel wins face-off versus Ivan Barbashev in Capitals zone.
11:49 of 2nd period - Tyler Pitlick is hit by Adam Larsson and loses puck.
11:58 of 2nd period - Shot by Tyler Pitlick.
11:58 of 2nd period - Shot Blocked by Adam Larsson.
13:13 of 2nd period - Shot by Pavel Buchnevich.
13:13 of 2nd period - Shot Misses the Net.
13:33 of 2nd period - Cody Ceci is hit by J.T. Compher and loses puck.
13:45 of 2nd period - Icing by Alex Pietrangelo.
13:46 of 2nd period - Ivan Barbashev wins face-off versus Jack Eichel in Sharks zone.
14:04 of 2nd period - Ivan Barbashev is hit by Nate Schmidt and loses puck.
14:48 of 2nd period - Shot by Mikko Rantanen.
14:48 of 2nd period - Deflect By Alex Ovechkin.
14:48 of 2nd period - Stopped by Mike Smith with a rebound.
14:50 of 2nd period - Shot by Adam Larsson.
14:50 of 2nd period - Stopped by Mike Smith with a rebound.
14:52 of 2nd period - Shot by Adam Larsson.
14:52 of 2nd period - Shot Blocked by Alex Pietrangelo.
14:54 of 2nd period - Shot by Mikko Rantanen.
14:54 of 2nd period - Shot Misses the Net.
14:56 of 2nd period - Shot by Sidney Crosby.
14:56 of 2nd period - Stopped by Mike Smith without a rebound.
14:57 of 2nd period - Ryan Strome wins face-off versus Jay Beagle in Sharks zone.
15:01 of 2nd period - Vladislav Gavrikov is hit by Cody Ceci and loses puck.
15:04 of 2nd period - Shot by Chandler Stephenson.
15:04 of 2nd period - Shot Misses the Net.
15:25 of 2nd period - Shot by Ryan Strome.
15:25 of 2nd period - Stopped by Jake Allen without a rebound.
15:26 of 2nd period - Sidney Crosby wins face-off versus Luke Glendening in Capitals zone.
15:26 of 2nd period - Sidney Crosby is hit by Marcus Foligno.
15:44 of 2nd period - Shot by Sidney Crosby.
15:44 of 2nd period - Shot Misses the Net.
16:20 of 2nd period - Shot by Ryan Strome.
16:20 of 2nd period - Stopped by Jake Allen without a rebound.
16:21 of 2nd period - Cam Atkinson wins face-off versus Ryan Strome in Capitals zone.
16:56 of 2nd period - Shot by Cam Atkinson.
16:56 of 2nd period - Stopped by Mike Smith with a rebound.
17:25 of 2nd period - Vladislav Gavrikov is hit by Adam Larsson and loses puck.
17:33 of 2nd period - Icing by Adam Larsson.
17:34 of 2nd period - Luke Glendening wins face-off versus Calle Jarnkrok in Capitals zone.
17:34 of 2nd period - Luke Glendening is hit by Adam Larsson.
17:40 of 2nd period - Shot by Luke Glendening.
17:40 of 2nd period - Stopped by Jake Allen without a rebound.
17:41 of 2nd period - Luke Glendening wins face-off versus Sidney Crosby in Capitals zone.
17:52 of 2nd period - Shot by Luke Glendening.
17:52 of 2nd period - Stopped by Jake Allen without a rebound.
17:53 of 2nd period - Jack Eichel wins face-off versus Ivan Barbashev in Capitals zone.
18:07 of 2nd period - Icing by J.T. Compher.
18:08 of 2nd period - Jack Eichel wins face-off versus Alex Ovechkin in Sharks zone.
18:39 of 2nd period - Shot by Cody Ceci.
18:39 of 2nd period - Goal by Cody Ceci - Capitals : 3 - Sharks : 2.
18:40 of 2nd period - Luke Glendening wins face-off versus Brayden Point in neutral zone.
18:51 of 2nd period - Icing by Josh Manson.
18:52 of 2nd period - William Nylander wins face-off versus Brayden Point in Capitals zone.
18:53 of 2nd period - Shot by Chandler Stephenson.
18:53 of 2nd period - Goal by Chandler Stephenson - Capitals : 3 - Sharks : 3.
18:54 of 2nd period - Brayden Point wins face-off versus Luke Glendening in neutral zone.
19:03 of 2nd period - Shot by Cam Atkinson.
19:03 of 2nd period - Shot Misses the Net.
19:11 of 2nd period - Shot by Brayden Point.
19:11 of 2nd period - Shot Misses the Net.
19:23 of 2nd period - Shot by Luke Glendening.
19:23 of 2nd period - Stopped by Jake Allen without a rebound.
19:24 of 2nd period - Sidney Crosby wins face-off versus Ryan Strome in Capitals zone.
19:49 of 2nd period - Shot by Mikko Rantanen.
19:49 of 2nd period - Stopped by Mike Smith without a rebound.
19:50 of 2nd period - Luke Glendening wins face-off versus Brayden Point in Sharks zone.
Goals for this period are 1 for Capitals vs 1 for Sharks.
Shots for this period are 10 for Capitals vs 12 for Sharks.

3rd period


0:01 of 3rd period - Sidney Crosby wins face-off versus Ryan Strome in neutral zone.
0:07 of 3rd period - Icing by Nate Schmidt.
0:08 of 3rd period - Ryan Strome wins face-off versus Sidney Crosby in Sharks zone.
0:12 of 3rd period - Alex Pietrangelo is hit by Drew Doughty and loses puck.
0:22 of 3rd period - Ryan Strome is hit by Drew Doughty and loses puck.
0:28 of 3rd period - Icing by Drew Doughty.
0:29 of 3rd period - Luke Glendening wins face-off versus Sidney Crosby in Capitals zone.
0:29 of 3rd period - Blake Coleman is hit by Drew Doughty and loses puck.
0:32 of 3rd period - Shot by Luke Glendening.
0:32 of 3rd period - Stopped by Jake Allen without a rebound.
0:33 of 3rd period - Luke Glendening wins face-off versus Brayden Point in Capitals zone.
0:43 of 3rd period - Icing by Erik Karlsson.
0:44 of 3rd period - Brayden Point wins face-off versus Jack Eichel in Capitals zone.
1:38 of 3rd period - Shot by Marcus Foligno.
1:38 of 3rd period - Shot Misses the Net.
1:48 of 3rd period - Shot by Alex Pietrangelo.
1:48 of 3rd period - Stopped by Jake Allen with a rebound.
1:50 of 3rd period - Shot by Alex Pietrangelo.
1:50 of 3rd period - Shot Blocked by Erik Karlsson.
1:52 of 3rd period - Shot by Blake Coleman.
1:52 of 3rd period - Shot Misses the Net.
2:00 of 3rd period - Shot by Luke Glendening.
2:00 of 3rd period - Stopped by Jake Allen without a rebound.
2:01 of 3rd period - Ryan Strome wins face-off versus Sidney Crosby in Capitals zone.
2:13 of 3rd period - Icing by Josh Manson.
2:14 of 3rd period - Nic Dowd wins face-off versus Sidney Crosby in Capitals zone.
2:14 of 3rd period - Cal Clutterbuck is hit by Drew Doughty and loses puck.
3:27 of 3rd period - Shot by William Nylander.
3:27 of 3rd period - Shot Misses the Net.
3:32 of 3rd period - Ivan Barbashev is hit by Vladislav Gavrikov and loses puck.
4:11 of 3rd period - Shot by Daniel Sprong.
4:11 of 3rd period - Stopped by Mike Smith with a rebound.
4:13 of 3rd period - Shot by Daniel Sprong.
4:13 of 3rd period - Stopped by Mike Smith with a rebound.
5:58 of 3rd period - Icing by Trevor van Riemsdyk.
5:59 of 3rd period - Luke Glendening wins face-off versus Sidney Crosby in Capitals zone.
6:22 of 3rd period - Shot by Mikko Rantanen.
6:22 of 3rd period - Stopped by Mike Smith without a rebound.
6:23 of 3rd period - Garnet Hathaway wins face-off versus Nic Dowd in Sharks zone.
6:38 of 3rd period - Shot by Cal Clutterbuck.
6:38 of 3rd period - Stopped by Jake Allen without a rebound.
6:39 of 3rd period - Jack Eichel wins face-off versus Brayden Point in Capitals zone.
6:53 of 3rd period - Minor Penalty to Jack Eichel for Hooking.
6:54 of 3rd period - Sidney Crosby wins face-off versus Nic Dowd in Sharks zone.
7:07 of 3rd period - Shot by Alex Ovechkin.
7:07 of 3rd period - Stopped by Mike Smith without a rebound.
7:08 of 3rd period - Nic Dowd wins face-off versus Brayden Point in Sharks zone.
7:21 of 3rd period - Shot by Cody Ceci.
7:21 of 3rd period - Shot Blocked by Joel Edmundson.
7:30 of 3rd period - Icing by Cam Atkinson.
7:31 of 3rd period - Nic Dowd wins face-off versus Brayden Point in Capitals zone.
8:05 of 3rd period - Off-side.
8:06 of 3rd period - J.T. Compher wins face-off versus Mikko Rantanen in neutral zone.
8:28 of 3rd period - Off-side.
8:29 of 3rd period - Sidney Crosby wins face-off versus Nic Dowd in neutral zone.
8:34 of 3rd period - Shot by Drew Doughty.
8:34 of 3rd period - Shot Blocked by Alex Pietrangelo.
9:01 of 3rd period - Ivan Barbashev is hit by Joel Edmundson and loses puck.
9:20 of 3rd period - Garnet Hathaway is hit by Chandler Stephenson and loses puck.
11:02 of 3rd period - Shot by Luke Glendening.
11:02 of 3rd period - Stopped by Jake Allen without a rebound.
11:03 of 3rd period - Nic Dowd wins face-off versus Jay Beagle in Capitals zone.
11:12 of 3rd period - Shot by Brad Richardson.
11:12 of 3rd period - Shot Misses the Net.
11:14 of 3rd period - Shot by Jay Beagle.
11:14 of 3rd period - Shot Misses the Net.
11:16 of 3rd period - Shot by Jay Beagle.
11:16 of 3rd period - Shot Blocked by Erik Johnson.
11:18 of 3rd period - Shot by Daniel Sprong.
11:18 of 3rd period - Stopped by Mike Smith without a rebound.
11:19 of 3rd period - Luke Glendening wins face-off versus Ivan Barbashev in Sharks zone.
12:26 of 3rd period - Shot by Jack Eichel.
12:26 of 3rd period - Shot Misses the Net.
12:28 of 3rd period - Shot by Nate Schmidt.
12:28 of 3rd period - Shot Misses the Net.
13:07 of 3rd period - Ryan Strome is hit by Ivan Barbashev and loses puck.
13:25 of 3rd period - Shot by Ryan Strome.
13:25 of 3rd period - Shot Misses the Net.
13:41 of 3rd period - Shot by Ryan Strome.
13:41 of 3rd period - Shot Misses the Net.
13:43 of 3rd period - Shot by Chandler Stephenson.
13:43 of 3rd period - Deflect By William Nylander.
13:43 of 3rd period - Shot Misses the Net.
13:45 of 3rd period - Shot by William Nylander.
13:45 of 3rd period - Shot Misses the Net.
14:03 of 3rd period - Shot by Tyler Pitlick.
14:03 of 3rd period - Shot Blocked by Ivan Barbashev.
14:05 of 3rd period - Shot by Cal Clutterbuck.
14:05 of 3rd period - Goal by Cal Clutterbuck - Capitals : 3 - Sharks : 4.
14:06 of 3rd period - Sidney Crosby wins face-off versus Luke Glendening in neutral zone.
14:41 of 3rd period - Shot by Mikko Rantanen.
14:41 of 3rd period - Stopped by Mike Smith without a rebound.
14:41 of 3rd period - Minor Penalty to Nate Schmidt for Holding.
14:42 of 3rd period - J.T. Compher wins face-off versus Brayden Point in Sharks zone.
14:50 of 3rd period - Icing by Cody Ceci.
14:51 of 3rd period - Nic Dowd wins face-off versus Brayden Point in Capitals zone.
15:04 of 3rd period - Shot by Cody Ceci.
15:04 of 3rd period - Stopped by Mike Smith without a rebound.
15:05 of 3rd period - J.T. Compher wins face-off versus Sidney Crosby in Sharks zone.
16:02 of 3rd period - Shot by Pavel Buchnevich.
16:02 of 3rd period - Shot Misses the Net.
16:40 of 3rd period - Shot by J.T. Compher.
16:40 of 3rd period - Stopped by Jake Allen without a rebound.
16:41 of 3rd period - Ryan Strome wins face-off versus Jay Beagle in Capitals zone.
16:56 of 3rd period - Shot by Brad Richardson.
16:56 of 3rd period - Deflect By Daniel Sprong.
16:56 of 3rd period - Shot Blocked by Alex Pietrangelo.
17:51 of 3rd period - Shot by Nic Dowd.
17:51 of 3rd period - Stopped by Jake Allen without a rebound.
17:52 of 3rd period - Brayden Point wins face-off versus Jack Eichel in Capitals zone.
17:52 of 3rd period - Brayden Point is hit by Vladimir Tarasenko.
18:03 of 3rd period - Shot by Pavel Buchnevich.
18:03 of 3rd period - Shot Misses the Net.
18:35 of 3rd period - Shot by Pavel Buchnevich.
18:35 of 3rd period - Stopped by Mike Smith without a rebound.
18:36 of 3rd period - Sidney Crosby wins face-off versus Luke Glendening in Sharks zone.
18:52 of 3rd period - Off-side.
18:53 of 3rd period - Ivan Barbashev wins face-off versus Tyler Pitlick in neutral zone.
19:15 of 3rd period - Capitals, Jake Allen is pulled from the net.
Goals for this period are 0 for Capitals vs 1 for Sharks.
Shots for this period are 8 for Capitals vs 8 for Sharks.